 Dungeon Crawl Stone Soup version 0.29-a0-422-gafbd6decc1 (webtiles) character file.

Game seed: 4313640470297559884

10 xian the Grasshopper (level 2, 0/24 HPs)
             Began as a Demigod Warper on May 18, 2022.
             Slain by a quokka (1 damage)
             ... on level 1 of the Dungeon.
             The game lasted 00:00:48 (458 turns).

xian the Grasshopper (Demigod Warper)                Turns: 458, Time: 00:00:49

Health: 0/24       AC:  3    Str: 12    XL:     2   Next: 0%
Magic:  7/7        EV: 11    Int: 15    God:
Gold:   27         SH:  0    Dex: 13    Spells: 4/4 levels left

rFire   . . .      SeeInvis .   a - +0 spear
rCold   . . .      Faith    .   (no shield)
rNeg    . . .      Spirit   .   b - +0 leather armour
rPois   .          Reflect  .   (no helmet)
rElec   .          Harm     .   (no cloak)
rCorr   .          Rampage  .   (no gloves)
Will    .....                   (no boots)
Stlth   +.........              (no amulet)
HPRegen 0.08/turn               (no ring)
MPRegen 0.10/turn               (no ring)

@: no status effects
A: high MP 1, forlorn, divine attributes
a: no special abilities


You were on level 1 of the Dungeon.
You visited 1 branch of the dungeon, and saw 1 of its levels.

You collected 27 gold pieces.

Inventory:

Hand Weapons
 a - a +0 spear (weapon)
Missiles
 d - 5 boomerangs of dispersal (quivered)
Armour
 b - a +0 leather armour (worn)
Scrolls
 c - a scroll of blinking


   Skills:
 + Level 1.7 Fighting
 + Level 1.8 Polearms
 + Level 0.8 Throwing
 + Level 1.1 Armour
 + Level 2.0 Dodging
 + Level 1.8 Spellcasting
 + Level 2.9 Translocations


You had 4 spell levels left.
You didn't know any spells.
Your spell library contained the following spells:

 Spells                   Type           Power      Damage    Failure   Level
 Blink                    Tloc           20%        N/A       13%         2
 Gell's Gravitas          Tloc           10%        N/A       26%         3
 Lesser Beckoning         Tloc           10%        N/A       26%         3
 Teleport Other           Tloc           10%        N/A       26%         3
 Portal Projectile        Hex/Tloc       10%        N/A       43%         3
 Call Canine Familiar     Summ           1%         N/A       65%         3
 Leda's Liquefaction      Hex/Erth       0%         N/A       96%         4
 Manifold Assault         Tloc           10%        N/A       94%         5


Dungeon Overview and Level Annotations

Branches:
Dungeon (1/15)


Innate Abilities, Weirdness & Mutations

You have an increased reservoir of magic. (+10% MP)
You shall have no god before yourself.
Your divine heritage dramatically boosts your attributes as you level up.


Message History

You hit the kobold.
You kill the kobold!
You hit the kobold but do no damage.
The kobold hits you with a +0 short sword.
The quokka closely misses you.
You hit the kobold.
You kill the kobold!
The quokka bites you.
You have reached level 2!
You miss the kobold. The quokka bites you.
The kobold hits you with a +0 dagger.
The quokka bites you but does no damage.
You closely miss the kobold. The kobold hits you with a +0 dagger.
* * * LOW HITPOINT WARNING * * *
The quokka twitches its whiskers.
The quokka barely misses you.
You barely miss the kobold. The kobold misses you.
The quokka closely misses you.
You hit the kobold.
The kobold is heavily wounded.
The kobold hits you but does no damage. The quokka bites you.
* * * LOW HITPOINT WARNING * * *
You hit the kobold but do no damage.
The kobold is heavily wounded.
The quokka bites you.
* * * LOW HITPOINT WARNING * * *
The kobold misses you.
You hit the kobold.
The kobold is severely wounded.
The quokka barely misses you. The kobold barely misses you.
The quokka bites you.
* * * LOW HITPOINT WARNING * * *
You hit the kobold but do no damage.
The kobold is severely wounded.
The kobold barely misses you. The quokka bites you.
* * * LOW HITPOINT WARNING * * *
You hit the kobold.
You kill the kobold!
The quokka bites you.
You die...

####.#†.###..###.#.#
#................#.##
####................
#.................
#.###..#.#..#...# #
#.# #..#.#......#.###
#.###......##.#......
#.............r......
#####.)##..##@#.#..#
######..##..##)#.#
#.......##..##..
######......##...
#......###...
#...†..# .#.#
#......# ....
#......# .# ##
#..........


You could see a quokka.

Vanquished Creatures
  2 dart slugs (D:1)
  3 kobolds (D:1)
  A ball python (D:1)
  3 rats (D:1)
9 creatures vanquished.

Notes
Turn   | Place    | Note
-------+----------+-------------------------------------------
     0 | D:1      | xian the Demigod Warper began the quest for the Orb.
     0 | D:1      | Reached XP level 1. HP: 17/17 MP: 5/5
   282 | D:1      | Reached skill level 1 in Armour
   451 | D:1      | Reached XP level 2. HP: 10/24 MP: 7/7
   457 | D:1      | HP: 1/24 [quokka (1)]
   458 | D:1      | Slain by a quokka

Illustrated notes

Levels and vault maps discovered:
D:1:      sevenhm_arrival_forest_fort_large_2, layout_basic,
          chequers_ecumenical_altar_lobes, minmay_surrounded

Skill      XL: |  1 |
---------------+----+-----
Dodging        | 2 |  2.0
Armour         | 1 |  1.1
Fighting       | |  1.7
Polearms       | |  1.8
Throwing       | |  0.8
Spellcasting   | |  1.8
Translocations | |  2.9

Action                   || total
-------------------------++-------
Melee: Spear             ||    28
Throw: Boomerang         ||     2
Armor: Leather armour    ||     7
Dodge: Dodged            ||    12

Table legend: (Time is in decaauts)
 A = Elapsed time spent in this place.
 B = Non-inter-level travel time spent in this place.
 C = Inter-level travel time spent in this place.
 D = Time resting spent in this place.
 E = Time spent auto-exploring this place.
 F = Levels seen in this place.
 G = Mean time per level.
                   A        B        C        D        E       F      G
               +--------+--------+--------+--------+--------+-----+--------+
         Total |    458 |    458 |      0 |      0 |    376 |   1 |  458.0 |
       Dungeon |    458 |    458 |      0 |      0 |    376 |   1 |  458.0 |
               +--------+--------+--------+--------+--------+-----+--------+

Top non-repeatable levels by time:
     D:1: 458 daAuts
